 Dungeon Crawl Stone Soup version 0.20-a0-548-g4f8a798 (webtiles) character file.

28 Krakonus1 the Grasshopper (level 3, 33/33 HPs)
             Began as a Naga Warper on Feb 1, 2017.
             Starved to death
             ... on level 1 of the Dungeon.
             The game lasted 00:03:52 (5013 turns).

Krakonus1 the Grasshopper (Naga Warper)             Turns: 5013, Time: 00:03:52

Health: 33/33      AC:  2    Str: 14    XL:     3   Next: 14%
Magic:  6/6        EV:  9    Int: 13    God:
Gold:   41         SH:  0    Dex: 10    Spells: 6/6 levels left

rFire    . . .     SeeInvis +   a - +0 hand axe
rCold    . . .     Gourm    .   b - +0 leather armour
rNeg     . . .     Faith    .   (no shield)
rPois    +         Spirit   .   (no helmet)
rElec    .         Reflect  .   (no cloak)
rCorr    .         Harm     .   (no gloves)
MR       .....                  (no barding)
Stlth    +.........             (no amulet)
Regen    0.2/turn               (no ring)
                                (no ring)

@: fainting, very slow
A: see invisible, deformed body, poison resistance, slowness 2, slow metabolism
1, spit poison 1, AC +1
a: Spit Poison


You were on level 1 of the Dungeon.
You were fainting.

You visited 1 branch of the dungeon, and saw 1 of its levels.

You collected 41 gold pieces.

Inventory:

Hand Weapons
 a - a +0 hand axe (weapon)
Armour
 b - a +0 leather armour (worn)
 h - a +0 robe
Scrolls
 d - a scroll of blinking
Books
 c - a book of Spatial Translocations

   Spells                             Type                      Level
   a - Blink                          Translocation                2
   b - Shroud of Golubria             Charms/Translocation         2
   c - Lesser Beckoning               Translocation                3
   d - Portal Projectile              Translocation                3
   e - Teleport Other                 Translocation                3
   f - Passage of Golubria            Translocation                4


   Skills:
 + Level 2.4 Fighting
 + Level 2.1 Axes
 + Level 0.8 Throwing
 + Level 1.2 Armour
 + Level 2.0 Dodging
 + Level 0.9 Stealth
 + Level 2.0 Spellcasting
   Level 3.0 Translocations


You had 6 spell levels left.
You didn't know any spells.

Dungeon Overview and Level Annotations

Branches:
Dungeon (1/15)

Altars:


Innate Abilities, Weirdness & Mutations

You cannot wear boots.
Your serpentine skin is tough. (AC +1)
You have supernaturally acute eyesight. (SInv)
Armour fits poorly on your strangely shaped body.
Your system is resistant to poisons. (rPois)
You cover ground very slowly.
You have a slow metabolism.
You can spit poison.


Message History

Done waiting.
You start waiting.
You are starving!
You're too hungry to rest.
You're too hungry to rest.
Things that are here:
a whip; a kobold skeleton
There is a staircase leading out of the dungeon here.
Why would you want to do that? Why would you want to do that?
Why would you want to do that?
You are fainting from starvation!
You lose consciousness!
You can move again.
You lose consciousness!
You can move again.
You lose consciousness!
You can move again.
You have starved to death.
You die...

##..≈≈≈.≈≈≈...#......###
#..≈≈.....≈≈.....##.....
..≈≈..8..♣.≈≈....##.....
.≈≈.♣.......≈≈...##.....
.≈.....).....≈...##.....
.≈..♣.....8..≈...##.....
.≈≈..8.<..♣.≈≈..########
..≈≈.......≈≈.....
#..≈≈..@♣.≈≈....##
##..≈≈≈≈≈≈≈..####
##..........#
#####......# ###.#..#
#.#.... #.#..## .# #


There were no monsters in sight!

Vanquished Creatures
  An adder (D:1)
  2 dart slugs (D:1)
  A leopard gecko (D:1)
  3 bats (D:1)
  3 goblins (D:1)
  A hobgoblin (D:1)
  3 frilled lizards (D:1)
  A kobold (D:1)
  2 rats (D:1)
17 creatures vanquished.

Notes
Turn   | Place    | Note
-------+----------+-------------------------------------------
     0 | D:1      | Krakonus1 the Naga Warper began the quest for the Orb.
     0 | D:1      | Reached XP level 1. HP: 19/19 MP: 3/3
  3231 | D:1      | Reached XP level 2. HP: 20/26 MP: 5/5
  3555 | D:1      | Reached skill level 1 in Armour
  3765 | D:1      | Reached XP level 3. HP: 10/33 MP: 6/6
  4906 | D:1      | Paralysed by fainting for 9 turns
  4956 | D:1      | Paralysed by fainting for 5 turns
  4962 | D:1      | Paralysed by fainting for 9 turns
  5013 | D:1      | Starved to death

Vault maps used:
D:1:      moated_graveyard_arrival

Skill      XL: |  1  2 |
---------------+-------+-----
Armour         | 1 |  1.2
Dodging        | 2 |  2.0
Fighting       | |  2.4
Axes           | |  2.1
Throwing       | |  0.8
Stealth        | |  0.9
Spellcasting   | |  2.0
Translocations | |  3.0

Action                   || total
-------------------------++-------
Melee: Hand axe          ||    42
Throw: Tomahawk          ||     5
  Eat: Bread ration      ||     1
Armor: Leather armour    ||    12
Dodge: Dodged            ||    41
